 Dungeon Crawl Stone Soup version 0.22-b1-21-g5cfc1688f2 (webtiles) character file.

4778 Jorund the Cleaver (level 10, -3/67 HPs)
             Began as a Demonspawn Gladiator on Aug 8, 2018.
             Was a Follower of Okawaru.
             Slain by a two-headed ogre
             ... wielding a cursed -1 giant club
              (13 damage)
             ... on level 8 of the Dungeon.
             The game lasted 00:15:29 (8023 turns).

Jorund the Cleaver (Demonspawn Gladiator)           Turns: 8023, Time: 00:15:29

Health: -3/67      AC:  6    Str: 22    XL:     10   Next: 23%
Magic:  10/10      EV: 12    Int: 12    God:    Okawaru [*.....]
Gold:   489        SH:  5    Dex: 13    Spells: 9/9 levels left

rFire    + . .     SeeInvis .   a - +1 war axe
rCold    + . .     Gourm    .   g - +0 buckler
rNeg     . . .     Faith    .   l - +3 ring mail
rPois    +         Spirit   .   (helmet restricted)
rElec    +         Reflect  .   d - +0 cloak
rCorr    +         Harm     .   (no gloves)
MR       +....                  (boots unavailable)
Stlth    ++........             (no amulet)
HPRegen  0.21/turn              h - ring of protection from magic
MPRegen  0.12/turn              (no ring)

@: mighty, resistant
A: antennae 1, talons 3, blurry vision 1, clever 1, clumsy 1, deformed body,
nightstalker 1, evolution 1, rot immunity
a: Heroism, Renounce Religion


You were on level 8 of the Dungeon.
You worshipped Okawaru.
Okawaru was aware of your devotion.
You were not hungry.

You visited 2 branches of the dungeon, and saw 9 of its levels.
You also visited: Ossuary.

You collected 489 gold pieces.

Inventory:

Hand Weapons
 a - a +1 war axe (weapon)
Missiles
 n - 2 throwing nets (quivered)
Armour
 c - a +1 helmet
 d - a +0 cloak (worn)
 g - a +0 buckler (worn)
 l - a +3 ring mail (worn)
 z - a cursed +0 chain mail
Jewellery
 h - a ring of protection from magic (left hand)
Wands
 e - a wand of iceblast (12)
 w - a wand of digging (14)
 C - a wand of polymorph (6)
Scrolls
 i - a scroll of enchant weapon
 k - 3 scrolls of blinking
 o - 2 scrolls of amnesia
 q - 5 scrolls of teleportation
 u - 2 scrolls of fog
 y - a scroll of remove curse
Potions
 j - 2 potions of haste
 m - 4 potions of brilliance
 p - 6 potions of curing
 t - 2 potions of flight
 v - 2 potions of resistance
Comestibles
 f - 17 rations
 s - 3 chunks of flesh


   Skills:
 - Level 2.0 Fighting
 * Level 13.0 Axes
 - Level 1.7 Throwing
 - Level 2.6 Dodging
 - Level 4.0 Shields
 + Level 0.1 Evocations


You had 9 spell levels left.
You didn't know any spells.
Your spell library contained the following spells:

 Spells                   Type           Power        Failure   Level  Hunger
 Cause Fear               Hex            #.........   99%         4    #####..
 Conjure Flame            Conj/Fire      #.......     85%         3    ####...
 Slow                     Hex            #.......     63%         2    ###....
 Freezing Cloud           Conj/Ice/Air   #.........   100%        6    #######
 Mephitic Cloud           Conj/Pois/Air  #.......     85%         3    ####...
 Ring of Flames           Chrm/Fire      #.........   100%        7    #######
 Corona                   Hex            #......      47%         1    ##.....
 Portal Projectile        Hex/Tloc       #.....       85%         3    ####...
 Leda's Liquefaction      Hex/Erth       #.........   99%         4    #####..
 Inner Flame              Hex/Fire       #.......     85%         3    ####...
 Poisonous Vapours        Pois/Air       #.....       63%         2    ###....


Dungeon Overview and Level Annotations

Branches:
Dungeon (8/15)             Temple (1/1) D:7
   Lair: D:8-11

Altars:
Ashenzari
Cheibriados
Dithmenos
Gozag
Hepliaklqana
Kikubaaqudgha
Makhleb
Nemelex Xobeh
Okawaru
Qazlal
Sif Muna
Trog
Uskayaw
Vehumet
Wu Jian
Xom
Yredelemnul
The Shining One
Lugonu

Shops:
D:7 :

Annotations:
D:3 3 runed doors, rumpelstilzz's ghost, amateur TrWz


Innate Abilities, Weirdness & Mutations

You have claws for feet.
You are slightly more attuned to the shadows.
You are immune to rotting.
You have a pair of small antennae on your head.
Scrolls take you a little longer to read.
Your mind is acute. (Int +2)
You are clumsy. (Dex -2)
Armour fits poorly on your strangely shaped body.
You evolve.


Message History

The two-headed ogre closely misses you. x2
It was a potion of might.
You feel very mighty all of a sudden.
The orc wizard casts a spell.
The orc wizard blinks!
You slice the two-headed ogre!! Your kick misses the two-headed ogre.
The two-headed ogre is heavily wounded.
The two-headed ogre hits you with a giant club!
The two-headed ogre hits you with a giant club.
* * * LOW HITPOINT WARNING * * *
Unknown command.
You feel much better.
The two-headed ogre hits you with a giant club!
The two-headed ogre hits you with a giant club!!
* * * LOW HITPOINT WARNING * * *
You closely miss the two-headed ogre. You claw the two-headed ogre!
The two-headed ogre is severely wounded.
The two-headed ogre closely misses you.
The two-headed ogre hits you with a giant club!
You die...

#...........#
###........####
#..........# #..........#
## ####.......###### .
........†........ #. #.
###.......######
##.#.####)...........#####
......oZO@.....)..........
......)#########.....#####
.......# #########
.......# #......# .......#
#.....†# .......# #......#
.......# #......# .......#
#......# #..<...###


You could see a two-headed ogre, an orc wizard and a bullfrog zombie.

Vanquished Creatures
  A two-headed ogre (D:8)
  Pikel (D:4)
  Prince Ribbit (D:7)
  A hippogriff (D:7)
  Sigmund (D:2)
  3 yaks (D:6)
  Eustachio (D:6)
  Menkaure (D:5)
  Edmund (D:6)
  A water moccasin (D:8)
  A slave (D:4)
  A sky beast (D:7)
  An ice beast (D:6)
  A black bear (D:7)
  A phantom (D:6)
  3 ogres
  A crocodile (D:8)
  3 bullfrogs
  2 scorpions
  3 howler monkeys (D:7)
  A jelly (D:5)
  4 crimson imps
  A bullfrog zombie (D:5)
  A quasit (D:8)
  2 centaur skeletons
  An orc priest (D:5)
  Crazy Yiuf (D:2)
  3 bullfrog skeletons
  3 hounds
  An orc wizard (D:5)
  2 iguanas (D:8)
  Jessica (D:3)
  Terence (D:2)
  2 worker ants
  2 hound zombies
  12 mummies (Ossuary)
  A worker ant zombie (D:7)
  11 gnolls
  10 adders
  An adder skeleton (D:5)
  A worm (D:2)
  A dart slug (D:1)
  3 leopard geckos
  6 orcs
  A ball python (D:3)
  2 giant cockroaches
  4 goblins
  13 hobgoblins
  3 jackals (D:3)
  3 quokkas
  7 bats
  4 frilled lizards
  3 gnoll skeletons (Ossuary)
  3 goblin skeletons
  A goblin zombie (D:8)
  A hobgoblin zombie (D:7)
  7 kobolds
  A kobold skeleton (D:8)
  4 kobold zombies (D:8)
  2 leopard gecko skeletons
  2 orc skeletons (Ossuary)
  4 rats
  11 rat skeletons (Ossuary)
177 creatures vanquished.

Vanquished Creatures (others)
  A kobold skeleton (Ossuary)
1 creature vanquished.

Grand Total: 178 creatures vanquished

Notes
Turn   | Place    | Note
-------+----------+-------------------------------------------
     0 | D:1      | Jorund the Demonspawn Gladiator began the quest for the Orb.
     0 | D:1      | Reached XP level 1. HP: 16/16 MP: 1/1
   279 | D:1      | Reached skill level 3 in Axes
   408 | D:1      | Gained mutation: You have sharp toenails. [demonic ancestry]
   408 | D:1      | Reached XP level 2. HP: 10/22 MP: 2/2
  1143 | D:2      | Reached XP level 3. HP: 26/27 MP: 3/3
  1265 | D:2      | Reached skill level 4 in Axes
  1307 | D:2      | Noticed Terence
  1330 | D:2      | Killed Terence
  1330 | D:2      | Reached skill level 1 in Shields
  1330 | D:2      | Reached XP level 4. HP: 13/33 MP: 4/4
  1431 | D:2      | Noticed Sigmund
  1456 | D:2      | Killed Sigmund
  1456 | D:2      | Reached skill level 5 in Axes
  1456 | D:2      | Gained mutation: You have razor-sharp toenails. [demonic ancestry]
  1456 | D:2      | Reached XP level 5. HP: 38/38 MP: 5/5
  1733 | D:2      | Found a runed door.
  2000 | D:2      | Noticed Crazy Yiuf
  2006 | D:2      | Killed Crazy Yiuf
  2006 | D:2      | Reached XP level 6. HP: 44/44 MP: 6/6
  2118 | D:3      | Reached skill level 6 in Axes
  2158 | D:3      | Found a runed gate.
  2160 | D:3      | Found a runed gate.
  2160 | D:3      | Found a runed gate.
  2162 | D:3      | Noticed rumpelstilzz's ghost (amateur TrWz)
  2193 | D:3      | Found a basalt altar of Yredelemnul.
  2321 | D:3      | Noticed Jessica
  2322 | D:3      | Killed Jessica
  2803 | D:4      | Found a deep blue altar of Sif Muna.
  2834 | D:4      | Noticed a slave
  2849 | D:4      | Killed a slave
  2865 | D:4      | Found a shimmering altar of Xom.
  2867 | D:4      | Found an ornate altar of the Wu Jian Council.
  2867 | D:4      | Found a hide-covered altar of Uskayaw.
  2873 | D:4      | Found a burning altar of Makhleb.
  2873 | D:4      | Found a sparkling altar of Nemelex Xobeh.
  2927 | D:4      | Noticed a water elemental
  2930 | D:4      | Found a stormy altar of Qazlal.
  2931 | D:4      | Noticed an air elemental
  2931 | D:4      | Noticed a fire elemental
  2981 | D:4      | Noticed Pikel
  3016 | D:4      | Reached skill level 7 in Axes
  3016 | D:4      | Gained mutation: You are slightly more attuned to the shadows. [demonic ancestry]
  3016 | D:4      | Reached XP level 7. HP: 50/50 MP: 7/7
  3269 | D:4      | Killed Pikel
  3269 | D:4      | Reached skill level 8 in Axes
  3269 | D:4      | Reached XP level 8. HP: 54/56 MP: 8/8
  3299 | D:5      | Entered Level 5 of the Dungeon
  3321 | D:5      | Found a hazy altar of Hepliaklqana.
  3584 | D:5      | Found a radiant altar of Vehumet.
  3759 | D:5      | Noticed Menkaure
  3770 | D:5      | Killed Menkaure
  3770 | D:5      | Reached skill level 9 in Axes
  4216 | D:5      | Found a bloodstained altar of Trog.
  4665 | D:6      | Noticed Eustachio
  4666 | D:6      | Noticed Edmund
  4700 | D:6      | Killed Edmund
  4740 | D:6      | Killed Eustachio
  4740 | D:6      | Reached skill level 10 in Axes
  5112 | D:6      | Gained mutation: You are immune to rotting. [demonic ancestry]
  5112 | D:6      | Reached XP level 9. HP: 53/61 MP: 9/9
  5297 | D:6      | Reached skill level 11 in Axes
  5303 | D:6      | Found a sparkling altar of Nemelex Xobeh.
  5789 | D:7      | Found a sand-covered staircase.
  5799 | Ossuary  | Entered an ossuary
  6297 | D:7      | Found a shadowy altar of Dithmenos.
  6392 | D:7      | Noticed Prince Ribbit
  6408 | D:7      | Killed Prince Ribbit
  6408 | D:7      | Reached skill level 12 in Axes
  6638 | D:7      | Found Xotoli's Book Boutique.
  6747 | D:7      | Found a staircase to the Ecumenical Temple.
  7149 | Temple   | Entered the Ecumenical Temple
  7161 | Temple   | Became a worshipper of Warmaster Okawaru
  7225 | D:8      | Gained mutation: Your flesh is heat resistant. (rF+) [potion of mutation]
  7225 | D:8      | Gained mutation: Armour fits poorly on your strangely shaped body. [potion of mutation]
  7225 | D:8      | Gained mutation: You evolve. [potion of mutation]
  7226 | D:8      | Lost mutation: Your flesh is heat resistant. (rF+) [potion of mutation]
  7226 | D:8      | Gained mutation: You are clumsy. (Dex -2) [potion of mutation]
  7226 | D:8      | Gained mutation: You have a pair of small antennae on your head. [potion of mutation]
  7226 | D:8      | Gained mutation: Scrolls take you a little longer to read. [potion of mutation]
  7226 | D:8      | Gained mutation: Your mind is acute. (Int +2) [potion of mutation]
  7359 | D:8      | Noticed a two-headed ogre
  7377 | D:8      | Killed a two-headed ogre
  7377 | D:8      | Reached * piety under Okawaru
  7377 | D:8      | Gained mutation: You have claws for feet. [demonic ancestry]
  7377 | D:8      | Reached XP level 10. HP: 6/67 MP: 10/10
  7851 | D:8      | Found a glowing golden altar of the Shining One.
  7997 | D:8      | Reached skill level 13 in Axes
  8010 | D:8      | Noticed a two-headed ogre
  8023 | D:8      | Slain by a two-headed ogre

Skill      XL: |  1  2  3  4  5  6  7  8  9 10 |
---------------+-------------------------------+-----
Axes           | 3 4 5 7 8 10 12 13 | 13.0
Shields        | 1 2 3 4 |  4.0
Fighting       | |  2.0
Throwing       | |  1.7
Dodging        | |  2.6
Evocations     | |  0.1

Action                   |  1- 3 |  4- 6 |  7- 9 | 10-12 || total
-------------------------+-------+-------+-------+-------++-------
Melee: War axe           |    85 |   112 |   375 |    46 ||   618
       Kick              |    17 |    33 |   115 |    10 ||   175
Throw: Throwing net      |     1 |     2 |     1 |       ||     4
Evoke: Wand              |       |       |     4 |     1 ||     5
  Use: Potion            |     1 |     1 |    10 |     4 ||    16
       Scroll            |       |    11 |     7 |       ||    18
 Stab: Held in net/web   |       |       |     3 |       ||     3
       Sleeping          |       |       |     3 |       ||     3
       Distracted        |       |       |     1 |       ||     1
  Eat: Chunk             |     1 |     6 |     7 |     2 ||    16
       Ration            |       |       |     2 |       ||     2
Armor: Leather armour    |     5 |       |       |       ||     5
       Ring mail         |    23 |    28 |   112 |     8 ||   171
       Skin              |       |       |    19 |       ||    19
Dodge: Dodged            |    62 |    54 |   162 |    24 ||   302
Block: Buckler           |    14 |    21 |    65 |     8 ||   108
